 Dungeon Crawl Stone Soup version 0.28.0-53-g5a82cb258f (webtiles) character file.

Game seed: 197958919691510638

24 mcbry74 the Grappler (level 3, 0/25 HPs)
             Began as a Gnoll Wanderer on July 25, 2022.
             Was a Follower of Sif Muna.
             Slain by Terence
             ... wielding a +0 flail
              (11 damage)
             ... on level 2 of the Dungeon.
             The game lasted 00:02:00 (974 turns).

mcbry74 the Grappler (Gnoll Wanderer)                Turns: 974, Time: 00:02:01

Health: 0/25       AC:  3    Str: 15    XL:     3   Next: 2%
Magic:  3/3        EV: 11    Int: 11    God:    Sif Muna [*.....]
Gold:   39         SH:  4    Dex:  9    Spells: 3/3 levels left

rFire   . . .      SeeInvis .     - Unarmed
rCold   . . .      Faith    .   e - +0 buckler
rNeg    . . .      Spirit   .   f - +0 leather armour
rPois   .          Reflect  .   (no helmet)
rElec   .          Harm     .   (no cloak)
rCorr   .          Rampage  .   (no gloves)
Will    .....                   (no boots)
Stlth   +.........              (no amulet)
HPRegen 0.08/turn               (no ring)
MPRegen 0.08/turn               (no ring)

@: no status effects
A: fangs 1, strong nose, distributed training
a: Renounce Religion, Channel Magic


You were on level 2 of the Dungeon.
You worshipped Sif Muna.
Sif Muna was aware of your devotion.
You visited 1 branch of the dungeon, and saw 2 of its levels.

You collected 39 gold pieces.

Inventory:

Hand Weapons
 a - a +0 hand crossbow
 l - a +3 hand axe
Missiles
 d - 26 bolts
 n - 6 boomerangs (quivered)
Armour
 e - a +0 buckler (worn)
 f - a +0 leather armour (worn)
Scrolls
 c - a scroll of blinking
 g - a scroll of identify {unknown}
 i - a scroll of holy word {unknown}
 k - 2 scrolls of enchant armour {unknown}
Potions
 b - a potion of berserk rage
 h - a potion of ambrosia {unknown}
 j - 2 potions of attraction {unknown}
 m - a potion of lignification {unknown}


   Skills:
 + Level 0.5 Fighting
 + Level 0.5 Short Blades
 + Level 0.5 Long Blades
 + Level 0.5 Axes
 + Level 0.5 Maces & Flails
 + Level 0.5 Polearms
 + Level 0.5 Staves
 + Level 0.5 Slings
 + Level 0.5 Bows
 + Level 6.5 Crossbows
 + Level 0.5 Throwing
 + Level 0.5 Armour
 + Level 2.5 Dodging
 + Level 0.5 Stealth
 + Level 2.5 Shields
 + Level 10.4 Unarmed Combat
 + Level 0.5 Spellcasting
 + Level 0.4 Conjurations
 + Level 0.4 Hexes
 + Level 0.4 Summonings
 + Level 0.4 Necromancy
 + Level 0.4 Translocations
 + Level 0.4 Transmutations
 + Level 0.4 Fire Magic
 + Level 0.4 Ice Magic
 + Level 0.4 Air Magic
 + Level 0.4 Earth Magic
 + Level 0.4 Poison Magic
 + Level 0.7 Invocations
 + Level 0.5 Evocations


You had 3 spell levels left.
You didn't know any spells.
Your spell library was empty.

Dungeon Overview and Level Annotations

Branches:
Dungeon (2/15)

Altars:
Sif Muna

Annotations:
D:2 Terence


Innate Abilities, Weirdness & Mutations

You have very sharp teeth.
Your uncanny sense of smell can sniff out nearby items.
Your experience applies equally to all skills.


Message History

You have reached level 3!
Your experience leads to an increase in your attributes!
Increase (S)trength, (I)ntelligence, or (D)exterity?
You feel clever. x2
Terence the Incautious comes into view.
He is wielding a +0 flail.
Terence shouts!
You hear a shout!
Throw: 6 boomerangs
Press: ? - help, Q - select action, (/) - cycle Shift-Dir - straight line, f - Terence
Aim: Terence, wielding a +0 flail and wearing a +0 scale mail (56% to hit)
You throw a boomerang. The boomerang hits Terence.
Terence is lightly wounded.
Throw: 6 boomerangs
Press: ? - help, Q - select action, (/) - cycle Shift-Dir - straight line, f/p - Terence
Aim: Terence, wielding a +0 flail and wearing a +0 scale mail (lightly wounded, 56% to hit)
You throw a boomerang. The boomerang hits Terence.
Terence is lightly wounded.
A hobgoblin comes into view.
Throw: 6 boomerangs
Press: ? - help, Q - select action, (/) - cycle Shift-Dir - straight line, f/p - Terence
Aim: Terence, wielding a +0 flail and wearing a +0 scale mail (lightly wounded, 56% to hit)
You throw a boomerang.
The boomerang hits Terence but does no damage.
Terence is lightly wounded.
Terence hits you with a +0 flail!
You closely miss Terence.
Terence is lightly wounded.
Terence hits you with a +0 flail.
You hit Terence.
Terence is moderately wounded.
You closely miss Terence.
Terence is moderately wounded.
Terence hits you but does no damage.
You closely miss Terence.
Terence is lightly wounded.
The hobgoblin barely misses you. Terence hits you with a +0 flail.
You barely miss Terence.
Terence is lightly wounded.
The hobgoblin hits you but does no damage.
Terence hits you with a +0 flail!
You die...

#.....#.###<........#
#...............#
##.####.>...)...# #.#
#.........# #.#
#.........# #.#
#.........# #. #.#
#.........# #..##.#
#.........# #..@@#
##.......## ##.g.#
##.....## #...#
####### #...# #...#
#...# ....# .....#


You could see Terence and a hobgoblin.

Vanquished Creatures
  A dart slug (D:1)
  2 endoplasms
  2 giant cockroaches (D:1)
  2 goblins (D:1)
  2 hobgoblins (D:1)
  3 jackals (D:1)
  2 ball pythons (D:1)
  2 bats (D:1)
  2 kobolds
  A rat (D:1)
19 creatures vanquished.

Notes
Turn   | Place    | Note
-------+----------+-------------------------------------------
     0 | D:1      | Reached skill level 10 in Unarmed Combat
     0 | D:1      | mcbry74 the Gnoll Wanderer began the quest for the Orb.
     0 | D:1      | mcbry74 set off with the following items: a +0 hand
                  | crossbow, a potion of berserk rage, a scroll of blinking,
                  | 26 bolts, a +0 buckler, a +0 leather armour
     0 | D:1      | Reached XP level 1. HP: 13/13 MP: 1/1
   150 | D:1      | Reached XP level 2. HP: 19/19 MP: 2/2
   597 | D:1      | Found a faded altar of an unknown god.
   605 | D:1      | Prayed at the altar of an unknown god.
   605 | D:1      | Became a worshipper of Sif Muna the Loreminder
   605 | D:1      | Reached * piety under Sif Muna
   965 | D:2      | Reached XP level 3. HP: 25/25 MP: 3/3
   966 | D:2      | Noticed Terence
   974 | D:2      | Slain by Terence

Illustrated notes

Levels and vault maps discovered:
D:1:      minmay_arrival_hallway, layout_loops_cross,
          ebering_ecumenical_altar_abandoned, minmay_worlds_worst_comb
D:2:      layout_rooms, basic_altar, minivault_23, uniq_terence, uniq_jessica

Skill      XL: | |
---------------+-+-----
Unarmed Combat | | 10.4
Fighting       | |  0.5
Short Blades   | |  0.5
Long Blades    | |  0.5
Axes           | |  0.5
Maces & Flails | |  0.5
Polearms       | |  0.5
Staves         | |  0.5
Slings         | |  0.5
Bows           | |  0.5
Crossbows      | |  6.5
Throwing       | |  0.5
Armour         | |  0.5
Dodging        | |  2.5
Stealth        | |  0.5
Shields        | |  2.5
Spellcasting   | |  0.5
Conjurations   | |  0.4
Hexes          | |  0.4
Summonings     | |  0.4
Necromancy     | |  0.4
Translocations | |  0.4
Transmutations | |  0.4
Fire Magic     | |  0.4
Ice Magic      | |  0.4
Air Magic      | |  0.4
Earth Magic    | |  0.4
Poison Magic   | |  0.4
Invocations    | |  0.7
Evocations     | |  0.5

Action                   || total
-------------------------++-------
Melee: Unarmed           ||    54
       Bite              ||     3
Throw: Boomerang         ||     3
Armor: Leather armour    ||    12
Dodge: Dodged            ||    17
Block: Buckler           ||     9
